 Dungeon Crawl Stone Soup version 0.26.1-11-gd32895ea62 (webtiles) character file.

Game seed: 17230106885435992998

453 vvl the Insei (level 6, -6/46 HPs)
             Began as a Demonspawn Transmuter on June 3, 2021.
             Was an Initiate of Kikubaaqudgha.
             Mangled by Sigmund
             ... wielding a +0 scythe
              (8 damage)
             ... on level 6 of the Dungeon.
             The game lasted 00:11:22 (3212 turns).

vvl the Insei (Demonspawn Transmuter)               Turns: 3212, Time: 00:11:23

Health: -6/46      AC:  7    Str: 12    XL:     6   Next: 75%
Magic:  0/10       EV: 11    Int: 15    God:    Kikubaaqudgha [......]
Gold:   114        SH:  6    Dex: 13    Spells: 10/11 levels left

rFire    + . .     SeeInvis .   q - +0 morningstar
rCold    . . .     Faith    .   (no shield)
rNeg     . . .     Spirit   +   l - +0 ring mail
rPois    .         Reflect  .   (helmet currently unavailable)
rElec    .         Harm     .   (no cloak)
rCorr    .         Rampage  .   e - +1 pair of gloves
Will     .....                  (boots currently unavailable)
Stlth    +.........             (no amulet)
HPRegen  0.15/turn              (no ring)
MPRegen  0.24/turn              (no ring)

@: appendages (expiring)
A: horns 2, talons 2, large bone plates 2, fire resistance 1, magic shield,
magic regeneration
a: End Transformation, Renounce Religion


You were on level 6 of the Dungeon.
You worshipped Kikubaaqudgha.
Kikubaaqudgha was noncommittal.
You had grown temporary horns.
You had grown temporary talons.
You visited 1 branch of the dungeon, and saw 5 of its levels.

You collected 114 gold pieces.

Inventory:

Hand Weapons
 d - a cursed -3 hand axe
 q - a +0 morningstar (weapon)
Armour
 e - a +1 pair of gloves (worn)
 l - a +0 ring mail (worn)
Magical Staves
 s - an uncursed staff of conjuration
Jewellery
 t - an uncursed ring of flight {unknown}
Wands
 n - a wand of random effects (44)
Scrolls
 b - 5 scrolls of remove curse {unknown}
 c - a scroll of immolation {unknown}
 h - 4 scrolls of identify
 k - a scroll of fear {unknown}
 m - 3 scrolls of enchant armour {unknown}
 o - a scroll of teleportation {unknown}
Potions
 a - 2 potions of degeneration
 f - 2 potions of lignification {unknown}
 i - a potion of might {unknown}
 j - a potion of heal wounds {unknown}
 p - a potion of ambrosia {unknown}
 r - a potion of flight {unknown}


   Skills:
 + Level 2.4 Fighting
 + Level 1.5 Armour
 + Level 2.6 Dodging
 * Level 4.1 Unarmed Combat
 + Level 3.0 Spellcasting
 + Level 1.8 Necromancy
 * Level 3.5 Transmutations


You had 10 spell levels left.
You knew the following spells:

 Your Spells              Type           Power        Failure   Level
a - Beastly Appendage     Tmut           26%          10%         1

Your spell library contained the following spells:

 Spells                   Type           Power        Failure   Level
 Wereblood                Tmut           13%          16%         2
 Spider Form              Tmut/Pois      3%           54%         3
 Ice Form                 Ice/Tmut       7%           91%         4
 Blade Hands              Tmut           6%           95%         5


Dungeon Overview and Level Annotations

Branches:
Dungeon (6/15)
 Temple: D:4-7

Altars:
Cheibriados
Kikubaaqudgha
Uskayaw
Xom

Annotations:
D:5 Ijyb
D:6 Sigmund


Innate Abilities, Weirdness & Mutations

You are mostly covered in large bone plates. (SH +6)
Your flesh is heat resistant. (rF+)
When hurt, damage is shared between your health and your magic reserves.
You regenerate magic rapidly.
You have a pair of horns on your head.
You have razor-sharp toenails.


Message History

The puff of flame hits you. You resist.
The orc warrior hits you with a +0 glaive!
Sigmund hits you from afar with a +0 scythe!
You closely miss the orc warrior. Your headbutt misses the orc warrior.
The orc warrior is almost dead.
Your transformation is almost over.
You block the orc priest's attack. The orc warrior barely misses you.
Sigmund closely misses you.
The orc priest invokes the aid of Beogh against you.
Beogh smites you!
* * * LOW HITPOINT WARNING * * *
You feel better.
The orc warrior hits you with a +0 glaive!
* * * LOW HITPOINT WARNING * * *
You puncture the orc warrior!
You kill the orc warrior!
Kikubaaqudgha accepts your kill.
Sigmund hits you from afar with a +0 scythe!
You die...
Kikubaaqudgha rasps: "You have failed me!
Welcome... death!"

..#...###...##
#.#..###.#
#######
##...###...## #.#
#.......####...#
#####.รท.........
###..####.####
#.......#
#.......# #
#.....>.#....
#>..o@.@...#
#.....)..###
#........#
########.#
########## .#
#...Z<.o.# .
#.[......# ##
#............
#.".....o...#


You could see Sigmund and an orc priest.

Vanquished Creatures
  Menkaure (D:6)
  A sky beast (D:5)
  An orc warrior (D:6)
  A scorpion (D:6)
  A jelly (D:6)
  A hound (D:6)
  An orc wizard (D:5)
  A worker ant (D:6)
  2 adders
  An ooze (D:1)
  An adder zombie (D:5)
  A dart slug (D:1)
  3 leopard geckos
  2 orcs (D:5)
  6 bats
  3 giant cockroaches
  8 goblins
  6 hobgoblins
  2 jackals (D:1)
  10 kobolds
  2 quokkas
  A ball python (D:1)
  11 frilled lizards
  A quokka skeleton (D:6)
  6 rats
74 creatures vanquished.

Vanquished Creatures (others)
  A human (D:3)
  A hound (D:6)
  8 plants (D:2)
10 creatures vanquished.

Grand Total: 84 creatures vanquished

Notes
Turn   | Place    | Note
-------+----------+-------------------------------------------
     0 | D:1      | vvl the Demonspawn Transmuter began the quest for the Orb.
     0 | D:1      | Reached XP level 1. HP: 15/15 MP: 3/3
   272 | D:1      | Gained mutation: Your flesh is heat resistant. (rF+)
                  | [demonic ancestry]
   272 | D:1      | Reached XP level 2. HP: 21/21 MP: 3/5
   515 | D:1      | Reached skill level 3 in Unarmed Combat
   642 | D:1      | Gained mutation: When hurt, damage is shared between your
                  | health and your magic reserves. [demonic ancestry]
   642 | D:1      | Reached XP level 3. HP: 22/26 MP: 6/6
  1040 | D:2      | Found a hide-covered altar of Uskayaw.
  1040 | D:2      | Noticed a +0 hand axe
  1040 | D:2      | Noticed a +0 dagger
  1499 | D:2      | Found a shimmering altar of Xom.
  1660 | D:2      | Gained mutation: You are partially covered in large bone
                  | plates. (SH +4) [demonic ancestry]
  1660 | D:2      | Reached XP level 4. HP: 32/32 MP: 5/7
  1904 | D:3      | Found an ancient bone altar of Kikubaaqudgha.
  1905 | D:3      | Noticed a human
  1908 | D:3      | Killed a human
  1910 | D:3      | Became a worshipper of Kikubaaqudgha
  2063 | D:3      | Found a snail-covered altar of Cheibriados.
  2137 | D:3      | You fall into a shaft and drop 2 floors!
  2137 | D:5      | Entered Level 5 of the Dungeon
  2289 | D:5      | Found an ancient bone altar of Kikubaaqudgha.
  2296 | D:5      | Noticed a sky beast
  2306 | D:5      | Killed a sky beast
  2307 | D:5      | Reached skill level 1 in Armour
  2307 | D:5      | Reached skill level 1 in Necromancy
  2307 | D:5      | Gained mutation: You are mostly covered in large bone
                  | plates. (SH +6) [demonic ancestry]
  2307 | D:5      | Reached XP level 5. HP: 24/38 MP: 4/8
  2441 | D:5      | Noticed Ijyb
  2526 | D:6      | Noticed an orc warrior
  2536 | D:6      | HP: 1/38 [worker ant (3)]
  2851 | D:6      | Gained mutation: You regenerate magic rapidly. [demonic
                  | ancestry]
  2851 | D:6      | Reached XP level 6. HP: 37/44 MP: 7/10
  2930 | D:6      | Noticed Menkaure
  2940 | D:6      | Killed Menkaure
  2941 | D:6      | Reached skill level 4 in Unarmed Combat
  3206 | D:6      | Noticed Sigmund
  3211 | D:6      | HP: 2/46 [orc warrior/+0 glaive (8)]
  3212 | D:6      | Killed an orc warrior
  3212 | D:6      | Mangled by Sigmund

Illustrated notes

Levels and vault maps discovered:
D:1:      dpeg_arrival_simpleton_a, layout_rooms, st_stairs_5
D:2:      layout_basic, dancing_weapons_uskayaw, xom_butterflies,
          minmay_lizard_king
D:3:      minmay_goblin_kobold_castle, layout_basic, cheibriados_altar_1,
          grunt_qazlal_clouds, tgw_kikubaaqudgha
D:5:      layout_basic, enter_ossuary_3, basic_altar, minivault_24, uniq_ijyb
D:6:      layout_rooms, temple_hall, portal_sewer_entry_d,
          lemuel_flamethrower_1, uniq_sigmund, uniq_menkaure

Skill      XL: |  1  2  3  4  5  6 |
---------------+-------------------+-----
Transmutations | 2 3 |  3.5
Unarmed Combat | 3 4 |  4.1
Dodging        | 2 |  2.6
Armour         | 1 |  1.5
Necromancy     | 1 |  1.8
Fighting       | 2 |  2.4
Spellcasting   | 3 |  3.0

Action                   |  1- 3 |  4- 6 || total
-------------------------+-------+-------++-------
Melee: Unarmed           |   160 |    54 ||   214
       Headbutt          |    15 |    15 ||    30
       Kick              |    31 |    14 ||    45
       Morningstar       |       |    29 ||    29
       Punch             |       |     2 ||     2
 Cast: Beastly Appendage |    21 |    11 ||    32
Evoke: Wand              |       |     1 ||     1
  Use: Scroll            |       |     2 ||     2
       Potion            |       |     2 ||     2
Armor: Robe              |    17 |       ||    17
       Leather armour    |    18 |       ||    18
       Ring mail         |    18 |    23 ||    41
Dodge: Dodged            |   102 |    35 ||   137
Block: Other             |       |    16 ||    16
